 Dungeon Crawl Stone Soup version 0.31-a0-185-g9dded2c639 (webtiles) character file.

Game seed: 16952829928671755846

142 qw the Skirmisher (level 5, -1/29 HPs)
             Began as a Deep Elf Hunter on June 22, 2023.
             Slain by a gnoll
             ... wielding a +0 spear
              (9 damage)
             ... on level 4 of the Dungeon.
             The game lasted 00:00:50 (2286 turns).

qw the Skirmisher (Deep Elf Hunter)                 Turns: 2286, Time: 00:00:50

Health: -1/29      AC:  5    Str: 10    XL:     5   Next: 3%
Magic:  7/7        EV: 16    Int: 14    God:
Gold:   167        SH:  0    Dex: 18    Spells: 4/4 levels left

rFire   . . .        Y - +0 shortbow
rCold   . . .        (shield currently unavailable)
rNeg    . . .        h - +0 ring mail
rPois   .            (no helmet)
rElec   .            (no cloak)
rCorr   .            (no gloves)
SInv    .            (no boots)
Will    .....        (no amulet)
Stlth   +            d - +5 ring of evasion
HPRegen 0.24/turn    (no ring)
MPRegen 0.10/turn

%: no passive effects
@: no status effects
A: no striking features
a: no special abilities


You were on level 4 of the Dungeon.
You visited 1 branch of the dungeon, and saw 4 of its levels.

You collected 227 gold pieces.
You spent 60 gold pieces at shops.


   Skills:
 - Level 1.5 Fighting
 + Level 8.4 Ranged Weapons
 - Level 2.4 Dodging
 - Level 1.2 Stealth


You had 4 spell levels left.
You didn't know any spells.
Your spell library was empty.

Inventory:

Hand Weapons
 Y - a +0 shortbow (weapon)
Armour
 h - a +0 ring mail (worn)
Jewellery
 a - a ring of ice
 d - a +5 ring of evasion (left hand)
Scrolls
 c - a scroll of noise {unknown}
 f - a scroll of identify
Potions
 b - 3 potions of might
 e - a potion of resistance
 g - a potion of curing
 j - a potion of mutation {unknown}
 k - a potion of heal wounds {unknown}

Dungeon Overview and Level Annotations

Branches:
Dungeon (4/15)
 Temple: D:4-7

Altars:
Cheibriados
Fedhas
Qazlal
Xom
Zin

Shops:
D:1 ?


Message History

The gnoll shouts!
The arrow hits the gnoll!
You kill the gnoll!
A gnoll comes into view. It is wielding a +0 spear.
You shoot an arrow. The gnoll shouts!
The arrow hits the gnoll!
The gnoll is severely wounded.
You hear a shout!
The gnoll closely misses you.
A gnoll comes into view. It is wielding a +0 halberd.
The gnoll hits you from afar with a +0 spear.
The gnoll barely misses you.
The gnoll hits you from afar with a +0 spear.
You shoot an arrow. The gnoll shouts!
The arrow hits the gnoll but does no damage.
The gnoll is severely wounded.
The gnoll closely misses you.
The gnoll hits you from afar with a +0 spear.
You shoot an arrow. The arrow hits the gnoll!
You kill the gnoll!
The gnoll hits you from afar with a +0 spear.
You have reached level 5!
You shoot an arrow.
The arrow closely misses the water moccasin.
A kobold comes into view. It is wielding a +2 dagger of speed.
The gnoll hits you from afar with a +0 spear.
You shoot an arrow.
The arrow hits the water moccasin but does no damage.
The gnoll hits you with a +0 whip. The gnoll hits you but does no damage.
The gnoll hits you from afar with a +0 spear.
The water moccasin closely misses you.
You shoot an arrow. The arrow hits the water moccasin!
The water moccasin is moderately wounded.
The ball python misses you. The ball python barely misses you.
The water moccasin bites you. The gnoll hits you with a +0 whip.
The gnoll barely misses you.
The gnoll hits you from afar with a +0 spear!
You die...

#####.......#
#..########
#..# . #..#
.# #..#####.#
#........#
#.#####..####
#....SSgg....
#..#.@#....
#..##ggg.[...
#..##.P._.P..
#..##.....K..
...#......##.
#.#.#.##.###
#.#.#. .# #.
..


You could see a water moccasin, 5 gnolls, a ball python and a kobold.

Vanquished Creatures
  3 gnolls (D:4)
  5 adders
  A worm (D:3)
  4 dart slugs
  3 bats
  3 endoplasms
  A giant cockroach (D:1)
  4 hobgoblins
  9 jackals
  6 kobolds
  3 quokkas
  2 ball pythons
  A frilled lizard (D:2)
  6 goblins
  7 rats
58 creatures vanquished.

Vanquished Creatures (others)
  A kobold (D:4)
1 creature vanquished.

Grand Total: 59 creatures vanquished

Notes
Turn   | Place    | Note
-------+----------+-------------------------------------------
     0 | D:1      | qw the Deep Elf Hunter began the quest for the Orb.
     0 | D:1      | Reached XP level 1. HP: 12/12 MP: 3/3
     0 | D:1      | 0 ||| qw: Version: 0.3-a-9-g12657ce
     0 | D:1      | 0 ||| qw: Game counter: 1725
     0 | D:1      | 0 ||| qw: Always use a shield: true
     0 | D:1      | 0 ||| qw: God list: Okawaru
     0 | D:1      | 0 ||| qw: Allow faded altars: false
     0 | D:1      | 0 ||| qw: Do Orc after D:15 true
     0 | D:1      | 0 ||| qw: Do second Lair branch before Depths: true
     0 | D:1      | 0 ||| qw: Lair rune preference: random
     0 | D:1      | 0 ||| qw: Plans: Normal
     0 | D:1      | 0 ||| PLANNING D:1-11
   101 | D:1      | Reached XP level 2. HP: 15/16 MP: 4/4
   102 | D:1      | Reached skill level 6 in Ranged Weapons
   185 | D:1      | You fall into a shaft and drop 1 floor!
   209 | D:2      | Found a blossoming altar of Fedhas.
   352 | D:2      | 352 ||| Stepping ~*~*~tactically~*~*~ (outnumbered).
   355 | D:2      | Reached XP level 3. HP: 20/20 MP: 5/5
   498 | D:2      | 498 ||| UPGRADING to +0 ring mail.
   508 | D:2      | 508 ||| DROPPING +0 leather armour.
   509 | D:2      | 509 ||| READING scroll labelled QACLAP WAZXUIH.
   510 | D:2      | 510 ||| READING 2 scrolls labelled HASTIT REIGID.
   511 | D:2      | 511 ||| READING scroll labelled NIXANI NOMACS.
   512 | D:2      | 512 ||| READING scroll labelled DUUDEK UVESHRI.
   513 | D:2      | 513 ||| DROPPING scroll of butterflies.
   618 | D:1      | Reached skill level 7 in Ranged Weapons
   732 | D:1      | Found Xalilopp's Magic Scroll Shoppe.
   740 | D:1      | 740 ||| BUYING scroll of identify (20 gold).
   740 | D:1      | Bought a scroll of identify for 20 gold pieces
   740 | D:1      | 740 ||| BUYING scroll of identify (20 gold).
   740 | D:1      | Bought a scroll of identify for 20 gold pieces
   740 | D:1      | 740 ||| BUYING scroll of identify (20 gold).
   740 | D:1      | Bought a scroll of identify for 20 gold pieces
   740 | D:1      | 740 ||| SHOPLISTING scroll of identify (20 gold, have 16).
   740 | D:1      | 740 ||| SHOPLISTING scroll of teleportation (30 gold, have
                  | 16).
   990 | D:1      | 990 ||| DROPPING +2 leather armour of positive energy.
   991 | D:1      | 991 ||| READING scroll labelled QECUTA WEECW.
   995 | D:1      | 995 ||| READING 4 scrolls of identify.
   995 | D:1      | 995 ||| IDENTIFYING lumpy blue potion
   996 | D:1      | 996 ||| READING 3 scrolls of identify.
   996 | D:1      | 996 ||| IDENTIFYING brown potion
   997 | D:1      | 997 ||| READING 2 scrolls of identify.
   997 | D:1      | 997 ||| IDENTIFYING orange potion
  1079 | D:2      | Reached XP level 4. HP: 25/25 MP: 6/6
  1079 | D:2      | Identified the +2 robe of Usari {Str+3 Archmagi}
  1548 | D:2      | 1548 ||| DROPPING +2 robe of Usari {Str+3 Archmagi}.
  1549 | D:2      | 1549 ||| UPGRADING to +5 ring of evasion.
  1550 | D:2      | 1550 ||| READING 2 scrolls labelled XEMPOY MERCH.
  1596 | D:2      | 1596 ||| DROPPING scroll of torment.
  1826 | D:3      | Found a stormy altar of Qazlal.
  1939 | D:3      | Found a faded altar of an unknown god.
  1987 | D:3      | Reached skill level 8 in Ranged Weapons
  2200 | D:3      | 2200 ||| READING scroll labelled OTEOTZ VUFILI.
  2236 | D:4      | Noticed an angel
  2237 | D:4      | Found a glowing silver altar of Zin.
  2238 | D:4      | Found a shimmering altar of Xom.
  2263 | D:4      | Found a snail-covered altar of Cheibriados.
  2277 | D:4      | Noticed a water moccasin
  2284 | D:4      | Reached XP level 5. HP: 16/29 MP: 7/7
  2286 | D:4      | Slain by a gnoll

Levels and vault maps discovered:
D:1:      dpeg_arrival_signposts, layout_basic, serial_shops, shop,
          minmay_misc_feat_tower
D:2:      cheibrodos_old_hovel, layout_loops_ring, basic_altar,
          hangedman_glass_teeth, serial_bayou_lagoon_b
D:3:      layout_loops_cross, amcnicky_altar_gilded,
          shapermc_ecumenical_altar_mp_highgroup, dk_noncrumbling_3
D:4:      layout_loops_ring, grunt_temple_overflow_order_and_chaos_1,
          mainiacjoe_overflow_tiny_flanked, ebering_ghost_reflecting_pool,
          st_stairs_9, serial_bayou_pond_d

Skill      XL: |  1  2  3  4 |
---------------+-------------+-----
Ranged Weapons | 6 7 8 |  8.4
Fighting       | |  1.5
Dodging        | |  2.4
Stealth        | |  1.2

Action                     |  1- 3 |  4- 6 || total
---------------------------+-------+-------++-------
   Fire: Shortbow          |    95 |    67 ||   162
    Use: Scroll            |     8 |     2 ||    10
 Armour: Leather armour    |     5 |       ||     5
         Ring mail         |     6 |     5 ||    11
  Dodge: Dodged            |    28 |    19 ||    47

Table legend:
 A = Non-vault XP
 B = Vault XP
 C = Vault XP percentage of total XP
 D = Non-vault monster count
 E = Vault monster count
 F = Vault count percentage of total count
                 A         B        C        D         E       F
            +---------+---------+-------+---------+---------+-------
      Total |     201 |       2 |   1.0 |      57 |       1 |   1.7
            +---------+---------+-------+---------+---------+-------
        D:1 |      40 |       0 |   0.0 |      22 |       0 |   0.0
        D:2 |      81 |       2 |   2.4 |      19 |       1 |   5.0
        D:3 |      34 |       0 |   0.0 |      11 |       0 |   0.0
        D:4 |      46 |       0 |   0.0 |       5 |       0 |   0.0
            +---------+---------+-------+---------+---------+-------
